 Dungeon Crawl Stone Soup version 0.16-a0-1858-gba9b1e2 (webtiles) character file.

4692 RobertPalmer the Martial Artist (level 10, -7/65 HPs)
             Began as a Demonspawn Transmuter on Nov 4, 2014.
             Was a Follower of Ru.
             Mangled by a freezing wraith (11 damage)
             ... on level 10 of the Dungeon.
             The game lasted 00:26:30 (13004 turns).

RobertPalmer the Martial Artist (DsTm)             Turns: 13004, Time: 00:26:30

Health: -7/65      AC: 13    Str: 10    XL:     10   Next: 21%
Magic:  15/16      EV: 17    Int: 16    God:    Ru [*.....]
Gold:   477        SH:  0    Dex: 16    Spells: 1 memorised, 11 levels left

rFire  . . .     SeeInvis .       - Unarmed
rCold  . . .     Clarity  .     c - +0 robe
rNeg   . . .     SustAb   .     (no shield)
rPois  .         Gourm    .     n - +2 helmet
rElec  .         Spirit   .     B - +1 cloak (curse)
rCorr  .         Warding  .     (no gloves)
rMut   .         Stasis   .     (no boots)
MR     .....                    (no amulet)
Stlth  +.........               p - +2 ring of slaying
                                q - +3 ring of protection

@: no potions, slowed, very slow, not resistant to hostile enchantments, very
unstealthy
A: talons 1, yellow scales 2, demonic guardian 2, spiny 2, inability to drink
while threatened
a: Renounce Religion


You were on level 10 of the Dungeon.
You worshipped Ru.
Ru was aware of your devotion.
You were very hungry.

You visited 2 branches of the dungeon, and saw 11 of its levels.
You also visited: Sewer.

You collected 477 gold pieces.


Innate Abilities, Weirdness & Mutations

You have sharp toenails.
You are mostly covered in yellow scales (AC +3).
A demonic guardian rushes to your aid.
You are mostly covered in sharp spines.
You cannot drink potions while threatened.


   Skills:
 - Level 1.0 Fighting
 - Level 8.0 Dodging
 - Level 11.1 Unarmed Combat
 - Level 2.0 Spellcasting
 + Level 3.6 Transmutations


You had 11 spell levels left.
You knew the following spells:

 Your Spells              Type           Power        Failure   Level  Hunger
Z - Sticks to Snakes      Trmt           ##........   10%         2    ###....

Inventory:

Hand weapons
 g - a +0 blowgun
Missiles
 b - 67 arrows
 w - 34 poisoned needles
 D - 4 curare-tipped needles
Armour
 c - a +0 robe (worn)
 n - a +2 helmet (worn)
 B - a cursed +1 cloak (worn)
Jewellery
 p - a +2 ring of slaying (right hand)
 q - a +3 ring of protection (left hand)
 G - a cursed ring of wizardry
Magical devices
 i - a wand of frost (30)
Scrolls
 e - 4 scrolls of amnesia
 r - 2 scrolls of identify
 t - a scroll of noise {unknown}
 x - 3 scrolls of magic mapping
Potions
 f - a potion of agility {unknown}
 h - 2 potions of heal wounds
 j - 2 potions of cancellation
 k - 2 potions of restore abilities
 l - a potion of degeneration {unknown}
 o - a potion of haste {unknown}
 s - 2 potions of flight
 u - a potion of magic {unknown}
 z - 2 potions of might {unknown}
 A - 2 potions of curing
 C - a potion of mutation {unknown}
Books
 d - a book of Changes
 v - a book of Unlife
Comestibles
 a - 9 bread rations
 m - 3 meat rations

Dungeon Overview and Level Annotations

Branches:
Dungeon (10/15)            Temple (1/1) D:4            Lair (0/8) D:9
    Orc (0/4) D:9

Altars:
Ashenzari
Cheibriados
Dithmenos
Elyvilon
Fedhas
Gozag
Kikubaaqudgha
Makhleb
Nemelex Xobeh
Okawaru
Qazlal
Ru
Sif Muna
Trog
Vehumet
Xom
Yredelemnul
Zin
The Shining One

Shops:
D:8 }

Annotations:
D:7 Prince Ribbit

#'###### #.z.)z.# #......
#.## #.###### ####### ..#
##.# ##+### #..# .....#
##)########### .....#
#.)).........# .....#
#......z.....#
.....#######............#
.....'.....'..3W@.......#
.....#######............#
..(..# #..<.........#
.....# #............#
###### ##############


You could see a freezing wraith, a wight and a friendly ice devil.


Message History

You feel magically purged.
You feel yourself speed up. The freezing wraith hits you.
The freezing wraith freezes you! The freezing wraith barely misses you.
The freezing wraith hits you!
You feel threatened and lose the ability to drink potions!
* * * LOW HITPOINT WARNING * * *
The freezing wraith freezes you!
You feel threatened and lose the ability to drink potions!
* * * LOW HITPOINT WARNING * * *
The freezing wraith hits you.
* * * LOW HITPOINT WARNING * * *
The freezing wraith drains your vigor!
You feel yourself slow down.
* * * LOW HITPOINT WARNING * * *
You cannot drink potions in your current state!
The freezing wraith hits you but does no damage.
The freezing wraith closely misses you.
Your ice devil hits the freezing wraith.
Your ice devil freezes the freezing wraith.
The freezing wraith completely resists.
The freezing wraith completely misses you.
The freezing wraith hits you but does no damage.
Your ice devil hits the freezing wraith.
Your ice devil freezes the freezing wraith.
The freezing wraith completely resists.
The freezing wraith hits you!
You feel threatened and lose the ability to drink potions!
* * * LOW HITPOINT WARNING * * *
The freezing wraith freezes you!
You die...

Action                   |  1- 3 |  4- 6 |  7- 9 | 10-12 || total
-------------------------+-------+-------+-------+-------++-------
Melee: Unarmed           |   125 |   317 |   566 |    82 ||  1090
Throw: Throwing net      |       |       |     2 |       ||     2
 Cast: Beastly Appendage |    18 |    10 |       |       ||    28
Invok: Sacrifice Drink   |       |       |     1 |       ||     1
       Reject Sacrifices |       |       |     1 |       ||     1
Evoke: Wand              |       |       |     3 |     8 ||    11
  Use: Scroll            |     4 |     3 |     9 |     3 ||    19
       Potion            |       |     5 |     1 |     1 ||     7
 Stab: Distracted        |       |       |     2 |       ||     2
       Sleeping          |       |       |     2 |       ||     2
  Eat: Chunk             |     5 |     9 |    20 |     3 ||    37
       Beef jerky        |       |       |     1 |       ||     1

Vault maps used:
D:1:      minmay_arrival_nine_rooms, st_stairs_14, minmay_strange_pillars,
          hex_tiny, hangedman_decor_push
D:2:      old_standard_altar
D:4:      kennysheep_kobold_camp, minmay_temple_entry_metal_lava, first_bread,
          serial_bayou_lagoon_b
D:5:      gammafunk_temple_overflow_forgotten, portal_sewer_entry_c
D:6:      evilmike_ruin_ashenzari, xom_butterflies
D:7:      nicolae_dithmenos_the_darkroom, uniq_prince_ribbit1
D:8:      serial_shops, shop_statue, uniq_grum, uniq_maurice
D:9:      statuecave_lemuel, minmay_lair_entry_lava, zombieorc2_lemuel,
          jmf_multi_god_temple2
D:10:     serial_shops, nicolae_shop_trees, the_bakery, minmay_another_anthill
Temple:   circular_temple_pool_12
Sewer:    sewer_co_scattered_pipes

Notes
Turn   | Place    | Note
--------------------------------------------------------------
     0 | D:1      | RobertPalmer, the Demonspawn Transmuter, began the quest for the Orb.
     0 | D:1      | Reached XP level 1. HP: 15/15 MP: 3/3
    49 | D:1      | Reached skill level 3 in Unarmed Combat
   107 | D:1      | Gained mutation: You are partially covered in sharp spines. [demonic ancestry]
   107 | D:1      | Reached XP level 2. HP: 12/21 MP: 2/4
  1183 | D:2      | Learned a level 2 spell: Sticks to Snakes
  1294 | D:2      | Gained mutation: A weak demonic guardian rushes to your aid. [demonic ancestry]
  1294 | D:2      | Reached XP level 3. HP: 18/26 MP: 3/6
  1479 | D:2      | Reached skill level 4 in Unarmed Combat
  2166 | D:2      | Found a white marble altar of Elyvilon.
  2250 | D:2      | Gained mutation: A demonic guardian rushes to your aid. [demonic ancestry]
  2250 | D:2      | Reached XP level 4. HP: 32/32 MP: 5/7
  2602 | D:3      | Reached skill level 5 in Unarmed Combat
  2732 | D:3      | Mutation became permanent: You have claws for feet. [demonic ancestry]
  2732 | D:3      | Reached XP level 5. HP: 23/37 MP: 7/9
  3250 | D:3      | Reached skill level 6 in Unarmed Combat
  3267 | D:3      | HP: 2/37 [gnoll/whip (3)]
  3690 | D:3      | Gained mutation: You are mostly covered in sharp spines. [demonic ancestry]
  3690 | D:3      | Reached XP level 6. HP: 36/43 MP: 10/10
  4518 | D:4      | Found a staircase to the Ecumenical Temple.
  4534 | Temple   | Entered the Ecumenical Temple
  4791 | D:4      | Reached skill level 7 in Unarmed Combat
  5301 | D:4      | Reached XP level 7. HP: 48/48 MP: 12/12
  5424 | D:5      | Entered Level 5 of the Dungeon
  5465 | D:5      | Found a glowing drain.
  5509 | Sewer    | Entered a sewer
  6423 | D:5      | Found a sacrificial altar of Ru.
  6423 | D:5      | Found a snail-covered altar of Cheibriados.
  6424 | D:5      | Found a basalt altar of Yredelemnul.
  6513 | D:5      | Became a worshipper of Ru the Awakened
  6650 | D:5      | Reached skill level 8 in Unarmed Combat
  6743 | D:5      | Reached skill level 2 in Dodging
  7187 | D:6      | Reached skill level 3 in Dodging
  7223 | D:6      | Found a shattered altar of Ashenzari.
  7457 | D:6      | Reached skill level 4 in Dodging
  7457 | D:6      | Reached XP level 8. HP: 46/54 MP: 13/13
  7570 | D:6      | Found a shimmering altar of Xom.
  7571 | D:6      | Gained mutation: You cannot drink potions while threatened. [Ru sacrifice]
  7571 | D:6      | Acquired Ru's first power
  7619 | D:6      | Reached skill level 5 in Dodging
  8220 | D:7      | Found a shadowy altar of Dithmenos.
  8410 | D:7      | Noticed Prince Ribbit
  8491 | D:7      | Reached skill level 6 in Dodging
  9463 | D:8      | Noticed Maurice
  9471 | D:8      | Killed Maurice
  9497 | D:8      | Noticed Grum
  9511 | D:8      | Killed Grum
  9511 | D:8      | Reached skill level 9 in Unarmed Combat
  9511 | D:8      | Gained mutation: You are partially covered in yellow scales (AC +2). [demonic ancestry]
  9511 | D:8      | Reached XP level 9. HP: 50/59 MP: 14/14
  9821 | D:8      | Noticed a two-headed ogre
  9825 | D:8      | Killed a two-headed ogre
 10253 | D:8      | Found Ruathr Ecrid's Gadget Shop.
 10287 | D:8      | Reached skill level 10 in Unarmed Combat
 10522 | D:9      | Found a staircase to the Orcish Mines.
 11070 | D:9      | Reached skill level 11 in Unarmed Combat
 11321 | D:9      | Reached skill level 7 in Dodging
 11893 | D:9      | Gained mutation: You are mostly covered in yellow scales (AC +3). [demonic ancestry]
 11893 | D:9      | Reached XP level 10. HP: 38/65 MP: 16/16
 12068 | D:9      | Found a staircase to the Lair.
 12068 | D:9      | Noticed a fire drake
 12074 | D:9      | Killed a fire drake
 12074 | D:9      | Reached skill level 8 in Dodging
 12573 | D:9      | Reached skill level 2 in Transmutations
 12594 | D:9      | Found a shattered altar of Ashenzari.
 12594 | D:9      | Noticed a fire crab
 12597 | D:9      | Found a radiant altar of Vehumet.
 12597 | D:9      | Noticed a frost giant
 12616 | D:10     | Entered Level 10 of the Dungeon
 12724 | D:10     | Reached skill level 3 in Transmutations
 13004 | D:10     | HP: 4/65 [freezing wraith (15)]
 13004 | D:10     | Mangled by a freezing wraith

Vanquished Creatures
  A troll (D:9)
  A trapdoor spider (D:9)
  2 hippogriffs (D:8)
  3 orc warriors
  An ice beast (D:8)
  3 phantoms
  A big kobold (D:4)
  5 giant frogs
  A water moccasin zombie (D:6)
  A gnoll sergeant (D:9)
  3 scorpions
  3 wights (D:10)
  3 troll zombies (D:9)
  A troll skeleton (D:7)
  A hippogriff skeleton (D:9)
  An electric eel (D:9)
  4 crimson imps
  A centaur skeleton (D:5)
  An iguana (D:6)
  3 orc priests
  3 hounds
  3 jellies
  An orc wizard (D:6)
  8 worker ants
  4 ogre zombies (D:9)
  2 mummies
  10 adders
  12 gnolls
  A green rat (D:5)
  2 shadow imps
  3 giant mites (D:5)
  7 worms
  8 giant geckos
  2 oozes
  19 orcs
  2 ball pythons
  10 bats
  5 giant cockroaches
  11 goblins
  13 hobgoblins
  2 quokkas
  8 giant newts
  A giant spore (D:7)
  3 goblin zombies (D:9)
  2 hobgoblin skeletons (D:9)
  A hobgoblin zombie (D:9)
  18 jackals
  35 kobolds
  4 orc skeletons
  15 orc zombies (D:9)
  A quokka skeleton (D:6)
  17 rats
  A rat skeleton (D:5)
  3 ballistomycetes (D:7)
  A butterfly (D:6)
  2 plants (Sewer)
280 creatures vanquished.

Vanquished Creatures (collateral kills)
  Maurice (D:8)
  A fire drake (D:9)
  A troll (D:9)
  A two-headed ogre (D:8)
  Grum (D:8)
  2 wolves (D:8)
  A sky beast (D:7)
  An orc warrior (D:6)
  An ogre (D:5)
  An eye of draining (D:10)
  A big kobold (D:7)
  A giant frog (D:8)
  3 wights (D:8)
  A goliath beetle (D:7)
  3 orc priests
  An orc wizard (D:6)
  An ogre zombie (D:9)
  An adder (D:8)
  A gnoll (D:8)
  3 orcs
  A giant newt (D:3)
  A goblin (D:6)
  2 kobolds (D:4)
  An orc zombie (D:9)
32 creatures vanquished.

Vanquished Creatures (others)
  3 sun demons
  4 soul eaters
  An ice devil (D:6)
  2 sixfirhies
  2 smoke demons
  An orc (D:8)
13 creatures vanquished.

Grand Total: 325 creatures vanquished
